 Dungeon Crawl Stone Soup version 0.31-a0-977-gc230f8ef24 (webtiles) character file.

Game seed: 17029623108025813415

718 Arcadio the Ruffian (level 7, -7/61 HPs)
             Began as a Ghoul Monk on Oct 29, 2023.
             Mangled by Menkaure (14 damage)
             ... on level 7 of the Dungeon.
             The game lasted 00:06:49 (3183 turns).

Arcadio the Ruffian (Ghoul Monk)                    Turns: 3183, Time: 00:06:50

Health: -7/61      AC:  9    Str: 17    XL:     7   Next: 70%
Magic:  6/6        EV:  9    Int:  5    God:
Gold:   266        SH:  0    Dex: 11    Spells: 6/6 levels left

rFire   . .          .
                       - Unarmed
rCold   + . .        c - orb {light}
rNeg    + + +        h - +0 chain mail
rPois   ∞            (no helmet)
rElec   .            (no cloak)
rCorr   .            (no gloves)
SInv    .            (no boots)
Will    .....        (no amulet) Stlth
                     (no ring)
HPRegen 0.00/turn    (no ring)
MPRegen 0.10/turn

%: no passive effects
@: inhibited regen, glowing
A: claws 1, cold resistance 1, negative energy resistance 3, inhibited
regeneration, torment resistance 2, devour on kill
a: no special abilities


You were on level 7 of the Dungeon.
You visited 1 branch of the dungeon, and saw 5 of its levels.
You also visited: Sewer.

You collected 266 gold pieces.

Inventory:

Hand Weapons
 u - a +2 flail of protection
Armour
 a - a +0 robe
 c - an orb of light (worn)
 h - a +0 chain mail (worn)
 l - a +1 robe of willpower
Jewellery
 e - a ring of wizardry
 m - a ring of fire
Scrolls
 b - a scroll of enchant armour {unknown}
 g - 2 scrolls of blinking
 k - 2 scrolls of teleportation
 o - a scroll of enchant weapon
 p - a scroll of vulnerability {unknown}
 q - 2 scrolls of fear
 s - a scroll of fog {unknown}
Potions
 d - a potion of cancellation
 f - a potion of curing {unknown}
 i - 2 potions of haste
 j - a potion of brilliance {unknown}
 n - 6 potions of enlightenment
 r - a potion of magic {unknown}
 t - 2 potions of lignification
 v - a potion of berserk rage {unknown}


   Skills:
 + Level 5.4 Fighting
 + Level 3.5 Armour
 + Level 4.6 Dodging
 + Level 5.5 Unarmed Combat


You had 6 spell levels left.
You didn't know any spells.
Your spell library contained the following spells:

 Spells                   Type           Power      Damage    Failure   Level
 Kiss of Death            Conj/Necr      0%         2d5       99%         1
 Confusing Touch          Hex            0%         N/A       100%        3
 Dispel Undead            Necr           0%         3d6       100%        4


Dungeon Overview and Level Annotations

Branches:
Dungeon (4/15) Zot: 26933   Sewer (visited)
 Temple: D:4-7

Altars:

Annotations:
D:7 Menkaure


Innate Abilities, Weirdness & Mutations

You are immune to poison.
You have sharp fingernails.
Your flesh is cold resistant. (rC+)
You are immune to negative energy. (rN+++)
You do not regenerate when monsters are visible.
You are immune to unholy pain and torment.
You thrive by killing the living.


Message History

Menkaure hits you! The kobold hits you with a +0 dagger.
You scratch Menkaure.
Menkaure is severely damaged.
Menkaure barely misses you. The kobold barely misses you.
The kobold throws a stone.
The stone barely misses you.
The kobold brigand throws a poisoned dart.
The poisoned dart hits you!
Menkaure mumbles some strange words.
Menkaure seems to speed up.
The kobold brigand throws a poisoned dart.
The poisoned dart hits you!
The kobold brigand throws a poisoned dart.
The poisoned dart hits you!
The kobold throws a stone.
The stone closely misses you.
You see here a +0 whip.
Sorry, you're not good enough to have a special ability.
As you read the scroll of teleportation, it crumbles to dust.
You feel strangely unstable. Menkaure barely misses you.
The kobold throws a stone.
The stone hits you.
Menkaure draws the symbol "Udjat" in the dust.
Your surroundings seem slightly different.
Okay, then.
As you read the scroll of teleportation, it crumbles to dust.
You feel strangely unstable.
The kobold brigand throws a poisoned dart.
The poisoned dart completely misses you.
The kobold throws a stone.
The stone barely misses you.
The kobold throws a stone.
The stone hits you but does no damage.
The kobold throws a stone.
The stone closely misses you.
Your surroundings seem slightly different.
Menkaure hits you!
* * * LOW HITPOINT WARNING * * *
The kobold brigand hits you with a +0 short sword.
* * * LOW HITPOINT WARNING * * *
The kobold throws a stone.
The stone hits you but does no damage.
The kobold brigand hits you but does no damage.
The kobold brigand attacks as it pursues you!
The kobold brigand hits you but does no damage.
Menkaure hits you!
You die...

#####################
.......@MKK.........#
.........K...$.....%#
....................#
....................####
...............)......>#
....................##.#
.......................#
...........#########.#.#
........# #.#.#


You could see a kobold brigand, Menkaure (fast) and 2 kobolds.

Vanquished Creatures
  Grinder (D:3)
  Sigmund (D:2)
  An orc priest (D:4)
  Terence (D:2)
  A sleepcap (D:7)
  10 adders
  4 gnolls (D:4)
  4 river rats (Sewer)
  2 worms (Sewer)
  3 dart slugs
  4 orcs
  11 ball pythons
  5 endoplasms
  4 giant cockroaches
  3 goblins
  6 hobgoblins
  14 jackals
  4 kobolds
  6 quokkas
  10 bats
  5 frilled lizards
  5 rats
105 creatures vanquished.

Notes
Turn   | Place    | Note
-------+----------+-------------------------------------------
     0 | D:1      | Arcadio the Ghoul Monk began the quest for the Orb.
     0 | D:1      | Reached XP level 1. HP: 19/19 MP: 0/0
    69 | D:1      | Reached XP level 2. HP: 18/26 MP: 1/1
   483 | D:1      | Reached skill level 1 in Armour
   483 | D:1      | Reached XP level 3. HP: 27/31 MP: 2/2
   638 | D:2      | Noticed Sigmund
   665 | D:2      | Killed Sigmund
   666 | D:2      | Reached XP level 4. HP: 26/41 MP: 3/3
   666 | D:2      | Reached XP level 5. HP: 30/47 MP: 4/4
   739 | D:2      | Noticed Terence
   759 | D:2      | Killed Terence
   840 | D:2      | Reached XP level 6. HP: 51/53 MP: 5/5
   901 | D:2      | Identified the +4 dagger "Buxtodgh" {heavy, *Slow rF- Str+5
                  | Dex+9}
  1227 | D:3      | Found a glowing drain.
  1242 | Sewer    | Entered a sewer
  2174 | D:3      | Noticed Grinder
  2186 | D:3      | Paralysed by Grinder for 5 turns
  2213 | D:3      | Paralysed by Grinder for 5 turns
  2230 | D:3      | Killed Grinder
  2231 | D:3      | Reached skill level 5 in Fighting
  2231 | D:3      | Reached skill level 5 in Unarmed Combat
  2231 | D:3      | Reached XP level 7. HP: 25/61 MP: 6/6
  3115 | D:4      | You fall into a shaft and drop 3 floors!
  3156 | D:7      | Noticed Menkaure
  3183 | D:7      | Mangled by Menkaure

Illustrated notes

Levels and vault maps discovered:
D:1:      moated_graveyard_arrival, layout_basic
D:2:      wad_pebble_path, layout_basic, uniq_sigmund, uniq_terence
D:3:      layout_rooms, portal_sewer_entry_f, uniq_grinder
D:4:      layout_basic, serial_corexii_hall, corexii_hall_statues_t,
          corexii_hall_statues_i, serial_shops, nicolae_shop_back_alley_shop
D:7:      layout_basic, mainiacjoe_overflow_tiny_flanked,
          minmay_temple_entry_large_hall, uniq_menkaure

Skill      XL: |  1  2  3  4  5  6 |
---------------+-------------------+-----
Armour         | 1 2 3 |  3.5
Dodging        | 3 4 |  4.6
Fighting       | 4 5 |  5.4
Unarmed Combat | 4 5 |  5.5

Action                     |  1- 3 |  4- 6 |  7- 9 || total
---------------------------+-------+-------+-------++-------
  Melee: Unarmed           |    79 |   213 |    71 ||   363
    Use: Scroll            |       |     6 |     3 ||     9
         Potion            |       |     1 |       ||     1
 Armour: Robe              |    25 |       |       ||    25
         Chain mail        |    40 |   228 |    62 ||   330
  Dodge: Dodged            |    48 |   127 |    29 ||   204

Table legend: (Time is in decaauts)
 A = Elapsed time spent in this place.
 B = Non-inter-level travel time spent in this place.
 C = Inter-level travel time spent in this place.
 D = Time resting spent in this place.
 E = Time spent auto-exploring this place.
 F = Levels seen in this place.
 G = Mean time per level.
                   A        B        C        D        E       F      G
               +--------+--------+--------+--------+--------+-----+--------+
         Total |   3337 |   3315 |     22 |      0 |   2324 |   6 |  556.2 |
       Dungeon |   2331 |   2309 |     22 |      0 |   1652 |   5 |  466.2 |
         Sewer |   1005 |   1005 |      0 |      0 |    671 |   1 | 1005.0 |
               +--------+--------+--------+--------+--------+-----+--------+

Top non-repeatable levels by time:
   Sewer: 1005 daAuts
     D:1: 624 daAuts
     D:4: 621 daAuts
     D:3: 558 daAuts
     D:2: 460 daAuts
     D:7: 65 daAuts
